 Dungeon Sprint DCSS version 0.19.1 (webtiles) character file.

126 kraedy the Carver (level 5, -5/32 HPs)
             Began as a Gargoyle Fighter on Dec 17, 2016.
             Was a Follower of the Shining One.
             Slain by a fire elemental (10 damage)
             ... in the Dungeon (Sprint V: "Ziggurat Sprint").
             The game lasted 00:03:01 (393 turns).

kraedy the Carver (Gargoyle Fighter)                 Turns: 393, Time: 00:03:01

Health: -5/32      AC: 10    Str: 26    XL:     5   Next: 10%
Magic:  5/5        EV: 10    Int:  9    God:    the Shining One [*.....]
Gold:   0          SH:  0    Dex: 15    Spells: 0 memorised, 4 levels left

rFire  . . .     SeeInvis .     B - +14 plutonium sword {*Contam Stlth-}
rCold  . . .     Gourm    .     b - +0 scale mail
rNeg   + . .     Faith    .     (shield currently unavailable)
rPois  ∞         Spirit   .     (no helmet)
rElec  +         Reflect  .     (no cloak)
rCorr  .         Harm     .     (no gloves)
MR     .....     NoTele   +     (no boots)
Stlth  ..........               (no amulet)
                                J - +6 ring of strength
                                G - +6 ring of dexterity

@: glowing
A: negative energy resistance 1, electricity resistance, unbreathing,
petrification resistance, rot immunity, AC +4
a: Renounce Religion


You were in the Dungeon.
You worshipped the Shining One.
The Shining One was aware of your devotion.
You were not hungry.

You visited 1 branch

Inventory:

Hand Weapons
 B - the +14 plutonium sword (weapon) {*Contam Stlth-}
   (You found it in the Dungeon)

   It causes magical contamination when unequipped.
   It makes you less stealthy.
 D - a +5 demon blade
Armour
 b - a +0 scale mail (worn)
 c - a +0 shield
 y - the +15 Maxwell's patent armour {-Cast -Tele rElec MR+ rCorr}
   (You found it in the Dungeon)

   It insulates you from electricity.
   It affects your resistance to hostile enchantments.
   It prevents spellcasting.
   It prevents most forms of teleportation.
   It protects you from acid and corrosion.
 A - the +18 shield of the Gong {rElec rN+ MR+ EV-5}
   (You found it in the Dungeon)

   It affects your evasion (-5).
   It insulates you from electricity.
   It protects you from negative energy.
   It affects your resistance to hostile enchantments.
Jewellery
 G - a +6 ring of dexterity (left hand)
 J - a +6 ring of strength (right hand)
Wands
 a - a wand of disintegration (7/24)
 o - a wand of iceblast (5/15)
 C - a wand of lightning (5/15)
 E - a wand of acid (5/15)
Scrolls
 k - 4 scrolls of blinking
 q - 4 scrolls of amnesia
 r - 3 scrolls of recharging
 s - 7 scrolls of fog
 t - a scroll of holy word
 u - 5 scrolls of identify
 v - 5 scrolls of remove curse
 w - 2 scrolls of fear
Potions
 d - 6 potions of might
 e - 10 potions of curing
 g - 10 potions of heal wounds
 h - 6 potions of haste
 i - 7 potions of magic
 j - 3 potions of berserk rage
 l - 2 potions of brilliance
 m - 2 potions of invisibility
 n - 4 potions of resistance
 p - 5 potions of agility
Comestibles
 f - 5 bread rations
 x - 42 fruits
 z - 4 meat rations


   Skills:
 + Level 3.2 Fighting
 * Level 10.0 Long Blades
   Level 2.0 Maces & Flails
 + Level 3.2 Armour
 + Level 0.0 Dodging
 + Level 3.2 Shields
 * Level 0.0 Invocations


You had 4 spell levels left.
You didn't know any spells.

Dungeon Overview and Level Annotations

Branches:
Dungeon (1/1)

Altars:
Ashenzari
Cheibriados
Dithmenos
Elyvilon
Fedhas
Gozag
Hepliaklqana
Kikubaaqudgha
Makhleb
Nemelex Xobeh
Okawaru
Qazlal
Ru
Sif Muna
Trog
Uskayaw
Vehumet
Xom
Yredelemnul
Zin
The Shining One
Beogh
Jiyva
Lugonu


Innate Abilities, Weirdness & Mutations

You are resistant to torment.
Your stone body is resilient. (AC +4)
You are immune to poison.
You resist negative energy. (rN+)
You are resistant to electric shocks. (rElec)
You can survive without breathing.
You are immune to petrification.
You are immune to rotting.


Message History

Things that are here:
a glaive; a naga skeleton You see here a +0 war axe of chopping.
You see here a book of Callings.
You see here a ball python skeleton.
You see here a ball python skeleton.
Your surroundings seem different!
Welcome to arena 2.
You and your allies can gain power from killing the unholy and evil.
A dancing weapon, a fire elemental and an air elemental come into view.
There is a battleaxe of freezing.
Found three items.
The air elemental hits you but does no damage.
You slash the air elemental!
The air elemental is moderately damaged.
The air elemental hits you. x3
The air elemental hits you. The air elemental hits you!
* * * LOW HITPOINT WARNING * * *
The battleaxe of freezing is engulfed in roaring flames.
The fire elemental hits you. The fire elemental burns you!
You die...

▓▓▓▓▓▓▓▓▓▓▓▓▓
▓.8©8.▓.8©8.▓
▓.)[}.▓.....▓
▓...§.▓.:.).▓
▓...§.▓...).▓
▓...§.▓..÷..▓
▓..§E(▓.....▓
▓...E@▓▓▓▓▓▓▓
▓▓▓▓▓▓▓


You could see a fire elemental, an air elemental and a battleaxe of freezing.

Vanquished Creatures
  A naga (D)
  A ball python (D)
2 creatures vanquished.

Notes
Turn   | Place    | Note
-------+----------+-------------------------------------------
     0 | D        | kraedy the Gargoyle Fighter began the quest for the Orb.
     0 | D        | Reached XP level 1. HP: 14/14 MP: 1/1
     0 | D        | Found a deep blue altar of Sif Muna.
     0 | D        | Found a sacrificial altar of Ru.
     0 | D        | Found a bloodstained altar of Trog.
     0 | D        | Found a stormy altar of Qazlal.
     0 | D        | Found an iron altar of Okawaru.
     0 | D        | Found a sparkling altar of Nemelex Xobeh.
     0 | D        | Found a blossoming altar of Fedhas.
     2 | D        | Found an ancient bone altar of Kikubaaqudgha.
     2 | D        | Found a viscous altar of Jiyva.
     2 | D        | Found a corrupted altar of Lugonu.
     2 | D        | Found a hazy altar of Hepliaklqana.
     2 | D        | Found a burning altar of Makhleb.
     2 | D        | Found an opulent altar of Gozag.
    28 | D        | Reached skill level 6 in Long Blades
    28 | D        | Reached XP level 2. HP: 19/19 MP: 2/2
    58 | D        | Became a worshipper of the Shining One
    82 | D        | Entered arena 1.
    82 | D        | Noticed a naga
    92 | D        | Killed a naga
    92 | D        | Reached skill level 10 in Long Blades
    92 | D        | Reached XP level 3. HP: 2/23 MP: 3/3
    92 | D        | Reached XP level 4. HP: 2/28 MP: 4/4
    92 | D        | Reached XP level 5. HP: 3/32 MP: 5/5
   390 | D        | Entered arena 2.
   390 | D        | Noticed an air elemental
   390 | D        | Noticed a battleaxe of freezing
   390 | D        | Reached * piety under the Shining One
   390 | D        | Noticed a fire elemental
   393 | D        | Slain by a fire elemental

Skill      XL: |  1  2 |
---------------+-------+-----
Long Blades    | 6 10 | 10.0
Fighting       | |  3.2
Maces & Flails | |  2.0
Armour         | |  3.2
Shields        | |  3.2

Action                   |  1- 3 |  4- 6 || total
-------------------------+-------+-------++-------
Melee: Triple sword      |     3 |     1 ||     4
  Use: Potion            |     1 |       ||     1
Armor: Scale mail        |     6 |     2 ||     8
Dodge: Dodged            |     2 |       ||     2
Block: Shield            |     5 |       ||     5
